 Dungeon Crawl Stone Soup version 0.28.0-47-ge53b351184 (webtiles) character file.

Game seed: 7426615763812842076

517 bobregger the Cudgeller (level 7, 0/70 HPs)
             Began as an Ogre Berserker on May 5, 2022.
             Was a Believer of Trog.
             Slain by a black bear (4 damage)
             ... on level 4 of the Dungeon.
             The game lasted 00:03:05 (3814 turns).

bobregger the Cudgeller (Ogre Berserker)            Turns: 3814, Time: 00:03:06

Health: 0/70       AC:  6    Str: 22    XL:     7   Next: 20%
Magic:  7/7        EV: 10    Int:  8    God:    Trog [**....]
Gold:   193        SH:  0    Dex: 10    Spells: 6/6 levels left

rFire   . . .      SeeInvis .   a - +0 mace
rCold   . . .      Faith    .   (no shield)
rNeg    . . .      Spirit   .   m - +0 steam dragon scales
rPois   .          Reflect  .   (helmet restricted)
rElec   .          Harm     .   (no cloak)
rCorr   .          Rampage  .   (gloves unavailable)
Will    .....                   (boots unavailable)
Stlth   +.........              (no amulet)
HPRegen 0.21/turn               (no ring)
MPRegen 0.10/turn               (no ring)

@: on berserk cooldown, slowed, very slow
A: large, unfitting armour, tough skin 1
a: Renounce Religion, Berserk, Trog's Hand


You were on level 4 of the Dungeon.
You worshipped Trog.
Trog was pleased with you.
You visited 1 branch of the dungeon, and saw 4 of its levels.

You collected 193 gold pieces.

Inventory:

Hand Weapons
 a - a +0 mace (weapon)
Armour
 m - +0 steam dragon scales (worn)
Scrolls
 c - 3 scrolls of identify {unknown}
 d - a scroll of torment {unknown}
 e - 2 scrolls of immolation {unknown}
 f - a scroll of enchant weapon {unknown}
 h - a scroll of holy word {unknown}
 i - a scroll of fear {unknown}
 k - 2 scrolls of fog {unknown}
 l - a scroll of teleportation {unknown}


   Skills:
 - Level 4.0 Fighting
 + Level 7.3 Maces & Flails
 - Level 2.6 Dodging


You had 6 spell levels left.
You didn't know any spells.
Your spell library was empty.

Dungeon Overview and Level Annotations

Branches:
Dungeon (4/15)
 Temple: D:4-7

Altars:

Annotations:
D:4 Robin


Innate Abilities, Weirdness & Mutations

You are too large for most types of armour.
You have tough skin. (AC +1)


Message History

The goblin hits you but does no damage.
Robin roars a battlecry!
The goblin goes into a battle-frenzy!
The black bear bites you but does no damage.
The black bear closely misses you. x2; The goblin hits you but does no damage.
The goblin hits you with a +0 dagger.
Robin hits you from afar with a +0 trident.
You closely miss the goblin.
The goblin no longer looks unusually strong.
The black bear bites you.
The black bear claws you but does no damage. x2
The goblin hits you with a +0 club.
* * * LOW HITPOINT WARNING * * *
The goblin barely misses you.
Robin hits you from afar with a +0 trident!
* * * LOW HITPOINT WARNING * * *
The black bear closely misses you. The black bear claws you.
* * * LOW HITPOINT WARNING * * *
The black bear claws you but does no damage.
It was a potion of curing.
You feel better. The goblin hits you but does no damage.
The goblin hits you with a +0 dagger.
* * * LOW HITPOINT WARNING * * *
The black bear bites you but does no damage.
The black bear claws you but does no damage. x2
The goblin hits you with a +0 club.
* * * LOW HITPOINT WARNING * * *
The goblin barely misses you.
It was a potion of magic.
Magic courses through your body. The black bear bites you.
* * * LOW HITPOINT WARNING * * *
The black bear misses you.
The black bear claws you but does no damage.
The goblin closely misses you. The goblin hits you with a +0 dagger.
* * * LOW HITPOINT WARNING * * *
Robin hits you from afar with a +0 trident.
* * * LOW HITPOINT WARNING * * *
The black bear barely misses you.
The black bear claws you but does no damage.
The black bear claws you.
You die...

..#...#####...#
..#...#...#...# .
.###.#.....# ###.#
#...###...###...##
.....#.###.#.....##
#...#...#...# .#
#####...#...#####.#
# #...#..†#...#g# .
.#.###.#.)gg@# #.
.###...###..h## ###
#..r..#)###.#
..#...#.()# ..# .
#####.)g# ..# #...#
..# ..#.## .##
...###. ## #.### .


You could see a black bear, Robin and 2 goblins.

Vanquished Creatures
  A steam dragon (D:4)
  A necrophage (D:2)
  A phantom (D:4)
  A water moccasin skeleton (D:3)
  A centaur skeleton (D:4)
  An orc wizard (D:3)
  3 gnolls (D:3)
  3 adders
  3 worms (D:2)
  A dart slug (D:3)
  2 orcs (D:3)
  4 bats
  3 endoplasms
  2 giant cockroaches
  11 goblins
  4 hobgoblins
  7 quokkas
  4 ball pythons
  3 frilled lizards
  2 kobolds
  4 rats
62 creatures vanquished.

Vanquished Creatures (others)
  An orc (D:4)
  A goblin (D:4)
2 creatures vanquished.

Grand Total: 64 creatures vanquished

Notes
Turn   | Place    | Note
-------+----------+-------------------------------------------
     0 | D:1      | bobregger the Ogre Berserker began the quest for the Orb.
     0 | D:1      | Reached XP level 1. HP: 24/24 MP: 1/1
   306 | D:1      | Reached skill level 3 in Maces & Flails
   408 | D:1      | Found a faded altar of an unknown god.
   524 | D:1      | Reached XP level 2. HP: 32/32 MP: 2/2
   793 | D:2      | Reached XP level 3. HP: 19/39 MP: 3/3
  1195 | D:2      | Noticed a necrophage
  1200 | D:2      | Killed a necrophage
  1201 | D:2      | Reached skill level 5 in Maces & Flails
  1201 | D:2      | Reached XP level 4. HP: 48/48 MP: 4/4
  1336 | D:2      | Reached XP level 5. HP: 52/54 MP: 5/5
  1902 | D:3      | Identified the +5 rapier "Geskips" {vorpal, rElec rC+ rN+}
  2539 | D:3      | Reached XP level 6. HP: 62/62 MP: 6/6
  2631 | D:4      | Noticed a steam dragon
  3028 | D:3      | Reached skill level 6 in Maces & Flails
  3217 | D:4      | Killed a steam dragon
  3544 | D:4      | Reached skill level 7 in Maces & Flails
  3544 | D:4      | Reached XP level 7. HP: 42/70 MP: 7/7
  3712 | D:4      | Reached ** piety under Trog
  3779 | D:4      | Noticed Robin
  3814 | D:4      | Slain by a black bear

Illustrated notes

Levels and vault maps discovered:
D:1:      elethiomel_arrival_shortcut, layout_basic,
          shapermc_ecumenical_altar_acropolis
D:2:      layout_basic
D:3:      layout_loops_ring, minmay_cut_off
D:4:      nicolae_cairo_tiling, layout_basic, nicolae_qazlal_general_emergency,
          uniq_robin

Skill      XL: |  1  2  3  4  5  6 |
---------------+-------------------+-----
Maces & Flails | 3 5 7 |  7.3
Fighting       | |  4.0
Dodging        | |  2.6

Action                   |  1- 3 |  4- 6 |  7- 9 || total
-------------------------+-------+-------+-------++-------
Melee: Mace              |    50 |   112 |    39 ||   201
       Punch             |       |     1 |       ||     1
Invok: Berserk           |     2 |     3 |     1 ||     6
  Use: Potion            |       |       |     2 ||     2
Armor: Animal skin       |    10 |    22 |       ||    32
       Steam dragon scal |       |     1 |    45 ||    46
Dodge: Dodged            |    30 |    65 |    39 ||   134
